 Dungeon Sprint DCSS version 0.30-a0-847-g17996783a1 (webtiles) character file.

Game seed: 5059846950168494680

650 Rocko1345 the Prestidigitator (level 7, -7/57 HPs)
             Began as a Human Wanderer on Mar 4, 2023.
             Was a Follower of Dithmenos.
             Mangled by a dire elephant (45 damage)
             ... in the Dungeon (Sprint V: "Ziggurat Sprint").
             The game lasted 00:06:36 (340 turns).

Rocko1345 the Prestidigitator (Human Wanderer)       Turns: 340, Time: 00:06:36

Health: -7/57      AC: 21    Str: 16    XL:     7   Next: 83%
Magic:  7/7        EV: 11    Int: 11    God:    Dithmenos [*.....]
Gold:   0          SH:  9    Dex: 24    Spells: 6/6 levels left

rFire   . . .      SeeInvis .    E - +5 rapier
rCold   . . .      Faith    .    F - +3 buckler
rNeg    . . .      Spirit   .    D - +5 shadow dragon scales
rPois   .          Reflect  .    (no helmet)
rElec   .          Rampage  .    (no cloak)
rCorr   .          NoTele   +    G - +1 pair of gloves {Stlth+}
Will    .....                    (no boots)
Stlth   ++++++                   (no amulet)
HPRegen 0.29/turn                x - +6 ring of dexterity
MPRegen 0.10/turn                w - +6 ring of dexterity

@: mighty, wreathed by umbra, invisible (expiring)
A: no striking features
a: Renounce Religion


You were in the Dungeon.
You worshipped Dithmenos.
Dithmenos was aware of your devotion.
You visited 1 branch

Inventory:

Hand Weapons
 a - a +0 club
 E - a +5 rapier (weapon)
Armour
 c - a +0 scale mail
 D - +5 shadow dragon scales (worn)
 F - a +3 buckler (worn)
 G - a +1 pair of gloves of stealth (worn)
Jewellery
 v - a ring of flight
 w - a +6 ring of dexterity (right hand)
 x - a +6 ring of dexterity (left hand)
 y - a +6 ring of intelligence
 z - a +6 ring of intelligence
 A - a +6 ring of strength
 B - a +6 ring of strength
Wands
 e - a wand of iceblast (8) (quivered)
 t - a wand of mindburst (7)
 u - a wand of light (7)
Scrolls
 j - a scroll of blinking
 p - 4 scrolls of amnesia
 q - 6 scrolls of fog
 r - 5 scrolls of identify
 s - 2 scrolls of fear
Potions
 b - a potion of lignification
 d - 11 potions of curing
 f - 4 potions of heal wounds
 g - 6 potions of haste
 h - 7 potions of magic
 i - 3 potions of berserk rage
 k - 2 potions of brilliance
 l - a potion of invisibility
 m - 4 potions of resistance
 o - 4 potions of might
Miscellaneous
 n - a piece from Xom's chessboard (15/15)
 C - a lightning rod (4/4)


   Skills:
 + Level 5.9 Fighting
 + Level 5.3 Short Blades
 + Level 5.5 Armour
 * Level 7.9 Dodging
 + Level 3.4 Stealth
 + Level 2.1 Shields
 + Level 11.0 Evocations


You had 6 spell levels left.
You didn't know any spells.
Your spell library was empty.

Dungeon Overview and Level Annotations

Branches:
Dungeon (1/1)

Altars:
Ashenzari
Cheibriados
Dithmenos
Elyvilon
Fedhas
Gozag
Hepliaklqana
Kikubaaqudgha
Makhleb
Nemelex Xobeh
Okawaru
Qazlal
Ru
Sif Muna
Trog
Uskayaw
Vehumet
Wu Jian
Xom
Yredelemnul
Zin
The Shining One
Jiyva
Lugonu

Annotations:
D 1 transporter


Message History

The vault warden barely misses you.
You catch the helpless ironbound convoker completely off-guard!
You impale the ironbound convoker!!
You kill the ironbound convoker!
Dithmenos accepts your kill.
You are shrouded in an aura of darkness!
The vault warden hits you but does no damage.
Your lightning rod (4/4) has regained one charge.
Your piece from Xom's chessboard (15/15) has regained one charge.
Your Short Blades skill gained 2 levels and is now at level 5!
Your Armour skill increases to level 5!
Your Dodging skill increases to level 7!
Your Stealth skill gained 2 levels and is now at level 3!
Your Shields skill gained 2 levels and is now at level 2!
Your Evocations skill gained 2 levels and is now at level 11!
You have reached level 7!
You puncture the vault warden!
The vault warden is moderately wounded.
The vault warden hits you with a +0 dire flail!
* * * LOW HITPOINT WARNING * * *
The dire elephant trumpets!
You closely miss the vault warden.
The vault warden is moderately wounded.
The dire elephant closely misses you. x2; You block the vault warden's attack.
You hit the vault warden.
The vault warden is moderately wounded.
You flicker for a moment.
The vault warden hits you with a +0 dire flail!
* * * LOW HITPOINT WARNING * * *
You feel much better.
The vault warden hits you with a +0 dire flail!!
* * * LOW HITPOINT WARNING * * *
You feel much better.
The vault warden hits you with a +0 dire flail!
* * * LOW HITPOINT WARNING * * *
You block the dire elephant's attack. The dire elephant barely misses you.
You feel much better. You block the vault warden's attack.
The dire elephant tramples you!!!
Ouch! That really hurt!
You die...

▓▓▓▓▓▓▓▓▓▓▓▓▓
▓@8§8.▓.8©8.▓
▓Yp§§.▓.....▓
▓§§§§.▓.....▓
▓§....▓.....▓
▓.....▓.....▓
▓.p...▓..©..▓
▓§.©..▓▓▓▓▓▓▓
▓▓▓▓▓▓▓


You could see a dire elephant (strong, unable to see you) and a vault warden.

Vanquished Creatures
  An ironbound convoker (D)
  A slime creature (D)
  A jelly (D)
3 creatures vanquished.

Notes
Turn   | Place    | Note
-------+----------+-------------------------------------------
     0 | D        | Rocko1345 the Human Wanderer began the quest for the Orb.
     0 | D        | Rocko1345 set off with the following items: a +0 club, a
                  | potion of lignification, a +0 scale mail, 2 potions of
                  | curing, a wand of iceblast (2), a potion of heal wounds, a
                  | potion of haste, 2 potions of magic, a potion of berserk
                  | rage, a scroll of blinking.
     0 | D        | Reached XP level 1. HP: 16/16 MP: 1/1
     0 | D        | Found a shimmering blue altar of Sif Muna.
     0 | D        | Found a bloodstained altar of Trog.
     0 | D        | Found a sacrificial altar of Ru.
     0 | D        | Found a stormy altar of Qazlal.
     0 | D        | Found an iron altar of Okawaru.
     1 | D        | Found a sparkling altar of Nemelex Xobeh.
     1 | D        | Found a blossoming altar of Fedhas.
     1 | D        | Found the +6 Majin-Bo {spellvamp, MP+6 Int+6}
     1 | D        | Found the +27 heavy crossbow "Sniper" {heavy, Acc+∞ SInv}
     1 | D        | Found the +10 dark maul {heavy}
     1 | D        | Found the +15 Maxwell's patent armour {-Cast -Tele rElec
                  | Will+ rCorr}
     1 | D        | Found the +18 shield of the Gong {Loud rN+ Will+ rCorr
                  | EV-5}
     1 | D        | Found the +16 obsidian axe {drain, demonic, Mesm Drain Fly
                  | SInv}
     1 | D        | Found the +7 great mace "Firestarter" {flame, inner flame,
                  | rFlCloud rF++}
     1 | D        | Found the +6 shillelagh "Devastator" {shatter}
     1 | D        | Found the +11 plutonium sword {Contam Stlth-}
     1 | D        | Found the +8 lance "Wyrmbane" {slay drac, rPois rF+ rC+
                  | AC+3}
     1 | D        | Found the +9 sword of Zonguldrok {reap}
     1 | D        | Found the +13 scythe of Curses {drain, curses, Drain}
     1 | D        | Found the +9 sword of Power {lifebolt}
     1 | D        | Found the +7 mace of Variability {chaos, chain chaos}
     1 | D        | Found the +11 Singing Sword {sonic wave}
     1 | D        | Found the +8 storm bow {elec, penet}
     3 | D        | Found a transporter.
     3 | D        | Found an ancient bone altar of Kikubaaqudgha.
     3 | D        | Found a viscous altar of Jiyva.
     3 | D        | Found a corrupted altar of Lugonu.
     3 | D        | Found a hazy altar of Hepliaklqana.
     3 | D        | Found a burning altar of Makhleb.
     3 | D        | Found an opulent altar of Gozag.
   132 | D        | Reached XP level 2. HP: 26/26 MP: 2/2
   197 | D        | Became a worshipper of Dithmenos the Shadowed
   224 | D        | Entered arena 2.
   224 | D        | Noticed a slime creature
   224 | D        | Found a transporter.
   230 | D        | Reached skill level 6 in Evocations
   230 | D        | Reached XP level 3. HP: 30/31 MP: 3/3
   241 | D        | Killed a slime creature
   242 | D        | Reached skill level 5 in Fighting
   242 | D        | Reached skill level 1 in Stealth
   242 | D        | Reached skill level 9 in Evocations
   242 | D        | Reached XP level 4. HP: 27/39 MP: 4/4
   242 | D        | Reached XP level 5. HP: 30/44 MP: 5/5
   242 | D        | Reached XP level 6. HP: 35/51 MP: 6/6
   317 | D        | Entered arena 3.
   317 | D        | Noticed a dire elephant
   317 | D        | Noticed an ironbound convoker
   317 | D        | Noticed a vault warden
   317 | D        | Found a transporter.
   330 | D        | HP: 1/51 [dire elephant (10)]
   334 | D        | Killed an ironbound convoker
   334 | D        | Reached * piety under Dithmenos
   335 | D        | Reached skill level 5 in Short Blades
   335 | D        | Reached skill level 5 in Armour
   335 | D        | Reached skill level 11 in Evocations
   335 | D        | Reached XP level 7. HP: 29/57 MP: 7/7
   340 | D        | Mangled by a dire elephant

Illustrated notes

Levels and vault maps discovered:
D:        sprint_v [room_start, room_1, room_2, room_3, room_4, room_5, room_6,
          room_7, room_8, room_9, room_10, room_11, room_12, room_13, room_14,
          room_15, room_16, room_17, room_18, room_19, room_20, room_21,
          room_22, room_23, room_24, room_25, room_26, room_27]

Skill      XL: |  1  2  3  4  5  6 |
---------------+-------------------+-----
Fighting       | 4 5 |  5.9
Armour         | 3 4 5 |  5.5
Dodging        | 4 6 7 |  7.9
Evocations     | 6 9 11 | 11.0
Short Blades   | 3 5 |  5.3
Stealth        | 1 3 |  3.4
Shields        | 2 |  2.1

Action                     |  1- 3 |  4- 6 |  7- 9 || total
---------------------------+-------+-------+-------++-------
  Melee: Rapier            |    15 |     3 |     3 ||    21
  Evoke: Wand              |       |     1 |       ||     1
         Lightning rod     |       |     1 |       ||     1
         Piece from Xom's  |       |     1 |       ||     1
    Use: Potion            |     1 |     5 |     3 ||     9
         Scroll            |       |     4 |       ||     4
   Stab: Sleeping          |     1 |       |       ||     1
         Invisible         |       |     1 |       ||     1
 Armour: Shadow dragon sca |     5 |     3 |       ||     8
  Dodge: Dodged            |     6 |     3 |     3 ||    12
  Block: Buckler           |     5 |     3 |     3 ||    11

Table legend: (Time is in decaauts)
 A = Elapsed time spent in this place.
 B = Non-inter-level travel time spent in this place.
 C = Inter-level travel time spent in this place.
 D = Time resting spent in this place.
 E = Time spent auto-exploring this place.
 F = Levels seen in this place.
 G = Mean time per level.
                   A        B        C        D        E       F      G
               +--------+--------+--------+--------+--------+-----+--------+
         Total |    342 |    342 |      0 |     57 |      0 |   1 |  342.0 |
       Dungeon |    342 |    342 |      0 |     57 |      0 |   1 |  342.0 |
               +--------+--------+--------+--------+--------+-----+--------+

Top non-repeatable levels by time:
       D: 342 daAuts
